 Dungeon Crawl Stone Soup version 0.24-a0-616-ge2a249a (webtiles) character file.

Game seed: 16828530773813613098, levelgen mode: deterministic

46 DrKleor the Unweaver (level 3, -1/29 HPs)
             Began as a Demonspawn Abyssal Knight on Sept 13, 2019.
             Was a Follower of Lugonu.
             Slain by a gnoll shaman
             ... wielding a +0 whip
              (8 damage)
             ... on level 2 of the Dungeon.
             The game lasted 00:03:54 (1412 turns).

DrKleor the Unweaver (Demonspawn Abyssal Knight)    Turns: 1412, Time: 00:03:56

Health: -1/29      AC:  3    Str: 13    XL:     3   Next: 46%
Magic:  5/5        EV: 11    Int: 13    God:    Lugonu [*.....]
Gold:   58         SH:  0    Dex: 12    Spells: 2/2 levels left

rFire    . . .     SeeInvis .   a - +1 falchion
rCold    . . .     Gourm    .   (no shield)
rNeg     . . .     Faith    .   b - +0 leather armour
rPois    .         Spirit   .   (no helmet)
rElec    .         Reflect  .   (no cloak)
rCorr    .         Harm     .   (no gloves)
MR       .....                  (no boots)
Stlth    +.........             (no amulet)
HPRegen  1.09/turn              (no ring)
MPRegen  0.09/turn              (no ring)

@: very slow
A: hooves 1, powered by death 1
a: Depart the Abyss, Renounce Religion


You were on level 2 of the Dungeon.
You worshipped Lugonu.
Lugonu was aware of your devotion.
You were not hungry.

You visited 1 branch of the dungeon, and saw 2 of its levels.
You visited the Abyss 1 time.

You collected 58 gold pieces.

Inventory:

Hand Weapons
 a - a +1 falchion (weapon)
Missiles
 g - 6 atropa-tipped darts (quivered)
 i - 5 curare-tipped darts
Armour
 b - a +0 leather armour (worn)
Scrolls
 d - a scroll of teleportation {unknown}
 h - a scroll of identify
 j - a scroll of random uselessness {unknown}
 k - a scroll of magic mapping {unknown}
 l - a scroll of immolation {unknown}
Miscellaneous
 e - a phial of floods (inert)
Comestibles
 c - 4 rations


   Skills:
 - Level 3.0 Fighting
 * Level 3.1 Long Blades
 - Level 1.7 Armour
 - Level 0.8 Dodging
 + Level 3.4 Invocations


You had 2 spell levels left.
You didn't know any spells.
Your spell library contained the following spells:

 Spells                   Type           Power        Failure   Level  Hunger
 Pain                     Necr           #...         36%         1    ##.....
 Sublimation of Blood     Necr           #.........   52%         2    ###....
 Regeneration             Chrm/Necr      #.........   75%         3    ####...
 Vampiric Draining        Necr           #.........   75%         3    ####...
 Sticky Flame             Conj/Fire      #.......     98%         4    #####..
 Borgnjor's Vile Clutch   Necr/Erth      #.........   100%        5    ######.


Dungeon Overview and Level Annotations

Branches:
Dungeon (2/15)

Altars:
Sif Muna


Innate Abilities, Weirdness & Mutations

You have large cloven feet.
You regenerate a little health from kills.


Message History

The adder bites your water elemental but does no damage.
Your water elemental hits the quokka!!
The quokka dies!
Lugonu accepts your kill.
You hit the gnoll shaman.
The gnoll shaman is severely wounded.
The gnoll splashes around in the water.
Something hits the plant!
The gnoll shaman hits you with a +0 whip!
* * * LOW HITPOINT WARNING * * *
Your water elemental hits the worm!
Your water elemental engulfs the worm in water!
The gnoll splashes around in the water.
Your unstable footing causes you to fumble your attack.
The worm dies!
Lugonu accepts your kill.
Something hits the plant.
The gnoll hits you from afar with a +0 spear.
* * * LOW HITPOINT WARNING * * *
The gnoll shaman hits you with a +0 whip!
You die...

..#.## .♣ ..... .♣
P.♣♣.#.### ..P♣
PP.§.... ♣(..P
§P...# ....§♣
♣♣...#
..#.§P♣♣....#
....rP...†Eg###
#..s#.♣...≈Sg@#
.....g♣...#####.
[_$.PP..........
.....gP#.#.####.#
#...#P♣P......#.##
......♣..#........
.#.P..P...#.##.##
.....P♣♣#.#.#
..P..♣P...#.##.##


You could see a gnoll shaman, a gnoll, an adder and a friendly water elemental.

Vanquished Creatures
  A gnoll (D:1)
  A dart slug (D:1)
  2 leopard geckos (D:1)
  3 bats (D:1)
  2 giant cockroaches (D:1)
  A goblin (D:1)
  6 hobgoblins
  A quokka (D:2)
  8 frilled lizards (D:1)
  2 kobolds (D:1)
  2 rats (D:1)
29 creatures vanquished.

Vanquished Creatures (collateral kills)
  A worm (D:2)
  2 quokkas (D:2)
3 creatures vanquished.

Grand Total: 32 creatures vanquished

Notes
Turn   | Place    | Note
-------+----------+-------------------------------------------
     0 | Abyss:1  | DrKleor the Demonspawn Abyssal Knight began the quest for
                  | the Orb.
     0 | Abyss:1  | Reached XP level 1. HP: 18/18 MP: 2/2
    38 | Abyss:1  | Found a burning altar of Makhleb.
    97 | Abyss:2  | Identified the Reference Book on Ignition and Dark Secrets
   108 | Abyss:2  | Noticed a smoke demon
   128 | Abyss:3  | Noticed an ancient zyme
   131 | D:1      | Escaped the Abyss
   461 | D:1      | Gained mutation: You have large cloven feet. [demonic
                  | ancestry]
   461 | D:1      | Reached XP level 2. HP: 13/24 MP: 4/4
   470 | D:1      | Reached * piety under Lugonu
   683 | D:1      | Gained mutation: You regenerate a little health from kills.
                  | [demonic ancestry]
   683 | D:1      | Reached XP level 3. HP: 29/29 MP: 5/5
  1393 | D:2      | Found a shimmering blue altar of Sif Muna.
  1412 | D:2      | Slain by a gnoll shaman

Levels and vault maps discovered:
D:1:      co_arrival_two_rings, layout_loops_cross, minmay_lizard_pond
D:2:      wad_woods_stonehenge, layout_basic, old_standard_altar,
          chequers_serial_rivers_micro_a, mrwooster_statue_mirror

Skill      XL: |  1  2  3 |
---------------+----------+-----
Long Blades    | 2 3 |  3.1
Invocations    | 3 |  3.4
Fighting       | |  3.0
Armour         | |  1.7
Dodging        | |  0.8

Action                   || total
-------------------------++-------
Melee: Falchion          ||    76
       Kick              ||     9
Invok: Depart the Abyss  ||     1
Evoke: Phial of floods   ||     1
  Use: Scroll            ||     2
  Eat: Chunk             ||     2
Armor: Leather armour    ||    26
Dodge: Dodged            ||    57
       Rpst.: Falchion   ||    22

Table legend:
 A = Non-vault XP
 B = Vault XP
 C = Vault XP percentage of total XP
 D = Non-vault monster count
 E = Vault monster count
 F = Vault count percentage of total count
                 A         B        C        D         E       F
            +---------+---------+-------+---------+---------+-------
      Total |      57 |      10 |  14.9 |      23 |       9 |  28.1
            +---------+---------+-------+---------+---------+-------
        D:1 |      52 |       6 |  10.3 |      21 |       6 |  22.2
        D:2 |       5 |       4 |  44.4 |       2 |       3 |  60.0
            +---------+---------+-------+---------+---------+-------
